 Dungeon Crawl Stone Soup version 0.30.0-10-gfe55d96785 (webtiles) character file.

Game seed: 15843912842649625013

139 cowcol the Covered (level 5, -2/47 HPs)
             Began as a Minotaur Fighter on May 14, 2023.
             Slain by a gnoll sergeant
             ... wielding a +0 trident of venom
              (8 damage)
             ... on level 3 of the Dungeon.
             The game lasted 00:05:37 (2437 turns).

cowcol the Covered (Minotaur Fighter)               Turns: 2437, Time: 00:05:38

Health: -2/47      AC:  7    Str: 22    XL:     5   Next: 1%
Magic:  4/4        EV:  9    Int:  5    God:
Gold:   180        SH:  4    Dex: 10    Spells: 4/4 levels left

rFire   . . .        a - +0 war axe
rCold   . . .        c - +0 buckler
rNeg    . . .        b - +0 scale mail
rPois   .            (helmet restricted)
rElec   .            (no cloak)
rCorr   .            (no gloves)
SInv    .            (no boots)
Will    .....        (no amulet) Stlth
                     (no ring)
HPRegen 0.27/turn    (no ring)
MPRegen 0.09/turn

%: no passive effects
@: mighty, lethally poisoned (-2 -> -7)
A: horns 2, retaliatory headbutt
a: no special abilities


You were on level 3 of the Dungeon.
You visited 1 branch of the dungeon, and saw 3 of its levels.

You collected 180 gold pieces.

Inventory:

Hand Weapons
 a - a +0 war axe (weapon)
Missiles
 j - 6 poisoned darts (quivered)
Armour
 b - a +0 scale mail (worn)
 c - a +0 buckler (worn)
 s - a +0 plate armour
Scrolls
 e - a scroll of immolation {unknown}
 f - a scroll of teleportation
 h - a scroll of identify {unknown}
 i - a scroll of enchant weapon {unknown}
 k - a scroll of enchant armour {unknown}
 l - a scroll of blinking {unknown}
 m - a scroll of torment {unknown}
 r - a scroll of magic mapping {unknown}
Potions
 d - a potion of might
 g - a potion of magic {unknown}
 n - a potion of attraction {unknown}
 o - a potion of ambrosia {unknown}
 p - a potion of berserk rage {unknown}
 q - a potion of curing {unknown}
 t - a potion of brilliance {unknown}


   Skills:
 + Level 4.3 Fighting
 + Level 4.1 Axes
 + Level 4.7 Armour
 + Level 4.5 Shields


You had 4 spell levels left.
You didn't know any spells.
Your spell library was empty.

Dungeon Overview and Level Annotations

Branches:
Dungeon (3/15)

Altars:


Innate Abilities, Weirdness & Mutations

You have a pair of horns on your head.
You reflexively headbutt those who attack you in melee.


Message History

You feel very mighty all of a sudden.
You slice the gnoll!!
You kill the gnoll!
The orc closely misses you. You furiously retaliate!
You headbutt the orc!
You kill the orc!
The gnoll barely misses you. The gnoll misses you.
The orc priest looks satisfied for a moment.
The gnoll hits you with a +0 whip.
Things that are here:
a +0 club; a +0 club; an orc corpse You slash the gnoll!
Your headbutt misses the gnoll.
The gnoll is heavily wounded.
The gnoll barely misses you. The gnoll hits you with a +0 whip.
You barely miss the gnoll.
The gnoll is heavily wounded.
The gnoll closely misses you. You furiously retaliate!
You headbutt the gnoll!
You kill the gnoll!
The gnoll hits you from afar with a +0 spear.
You have reached level 5!
The gnoll closely misses you. The gnoll hits you with a +0 spear.
The gnoll sergeant closely misses you. You block the gnoll's attack.
You see here a +0 whip.
You hit the gnoll.
The gnoll is moderately wounded.
You closely miss the gnoll. You hit the gnoll sergeant.
The gnoll hits you but does no damage. The gnoll closely misses you.
The gnoll sergeant hits you with a +0 trident of venom.
You are poisoned.
The gnoll hits you from afar with a +0 spear.
* * * LOW HITPOINT WARNING * * *
You block the gnoll sergeant's attack. The gnoll barely misses you. x3
You hit the gnoll.
The gnoll is moderately wounded.
You closely miss the gnoll sergeant. You slash the gnoll!
You feel very sick. The gnoll hits you with a +0 whip.
* * * LOW HITPOINT WARNING * * *
The gnoll barely misses you. You furiously retaliate!
You headbutt the gnoll!
The gnoll sergeant hits you with a +0 trident of venom!
You die...

#........##......................
#......#........<................
#......#..#................#.#...
#......#..#...........###.##.##.#
#......##.##..........# #.##)##.#
#......##.##..........# #.##.##..
#..........#####.###### #.##.####
####.......# #)# #........
###.......#####@########.##.####
##............oggg...............
.†)...........oogo...............
~~†~~~~~~≈≈≈~~....~≈~~~~~≈~~~~~~~
≈≈≈≈≈≈≈≈≈~≈≈≈~....≈≈≈≈≈~~≈≈≈~≈~≈≈
##~~~~~≈~~~~~≈....~≈~~~≈~≈~~~≈###
g#............................#oo
.#############''''#############..
+# #....####### #+#


You could see a gnoll sergeant, an orc priest, 3 gnolls and 3 orcs.

Vanquished Creatures
  A hound (D:3)
  3 gnolls (D:3)
  An adder (D:3)
  2 dart slugs (D:1)
  2 orcs (D:3)
  4 ball pythons (D:1)
  6 endoplasms
  4 giant cockroaches
  A goblin (D:2)
  7 hobgoblins
  12 jackals (D:3)
  7 kobolds
  2 quokkas
  5 bats
  2 rats
59 creatures vanquished.

Notes
Turn   | Place    | Note
-------+----------+-------------------------------------------
     0 | D:1      | cowcol the Minotaur Fighter began the quest for the Orb.
     0 | D:1      | Reached XP level 1. HP: 19/19 MP: 0/0
   213 | D:1      | Reached XP level 2. HP: 27/27 MP: 1/1
   550 | D:1      | Reached XP level 3. HP: 29/33 MP: 2/2
  1958 | D:3      | Reached XP level 4. HP: 36/40 MP: 3/3
  2417 | D:3      | Noticed a gnoll sergeant
  2435 | D:3      | Reached XP level 5. HP: 23/47 MP: 4/4
  2437 | D:3      | Slain by a gnoll sergeant

Illustrated notes

Levels and vault maps discovered:
D:1:      nicolae_arrival_memento_mori, layout_loops_cross, minmay_ruptured
D:2:      layout_basic
D:3:      lemuel_castle_with_subvaults [lemuel_castle_interior_original],
          layout_basic

Skill      XL: |  1  2  3  4 |
---------------+-------------+-----
Armour         | 4 |  4.7
Fighting       | 4 |  4.3
Shields        | 4 |  4.5
Axes           | 3 4 |  4.1

Action                     |  1- 3 |  4- 6 || total
---------------------------+-------+-------++-------
  Melee: War axe           |   104 |    29 ||   133
         Headbutt          |    13 |     4 ||    17
  Throw: Stone             |     9 |       ||     9
    Use: Scroll            |     1 |       ||     1
         Potion            |       |     1 ||     1
 Armour: Scale mail        |    45 |    11 ||    56
  Dodge: Dodged            |    44 |    26 ||    70
  Block: Buckler           |    30 |    11 ||    41
